 Dungeon Crawl Stone Soup version 0.30-a0-800-g7c54460 (webtiles) character file.

Game seed: 5390144838933406839

936 PublicAnimeNo1 the Cudgeller (level 7, -2/48 (55) HPs)
             Began as a Demonspawn Reaver on Feb 21, 2023.
             Killed by divine providence
             ... invoked by an orc priest
              (12 damage)
             ... on level 5 of the Dungeon.
             The game lasted 00:10:21 (5113 turns).

PublicAnimeNo1 the Cudgeller (Demonspawn Reaver)    Turns: 5113, Time: 00:10:21

HP:   -2/48 (55)    AC: -8    Str: 15    XL:     7   Next: 87%
MP:   10/10         EV: 13    Int: 14    God:
Gold: 259           SH:  4    Dex: 11    Spells: 4/10 levels left

rFire   . . .      SeeInvis .    a - +0 mace (freeze)
rCold   . . .      Faith    .    k - +0 buckler
rNeg    . . .      Spirit   .    b - +0 leather armour
rPois   .          Reflect  .    (no helmet)
rElec   .          Harm     .    (no cloak)
rCorr   .          Rampage  .    i - +0 pair of gloves
Will    .....                    (no boots)
Stlth   +                        (no amulet)
HPRegen 0.28/turn                (no ring)
MPRegen 0.12/turn                (no ring)

@: corroded, heavily drained
A: repulsion field 1, powered by pain 1, weakness stinger 2
a: no special abilities


You were on level 5 of the Dungeon.
You visited 1 branch of the dungeon, and saw 5 of its levels.

You collected 259 gold pieces.

Inventory:

Hand Weapons
 a - a +0 mace of freezing (weapon)
 o - a +0 flail
Missiles
 d - a throwing net
 e - 13 poisoned darts
Armour
 b - a +0 leather armour (worn)
 i - a +0 pair of gloves (worn)
 k - a +0 buckler (worn)
 l - a +0 pair of gloves
 w - a +0 helmet
Scrolls
 g - 2 scrolls of silence
 j - a scroll of magic mapping
 q - a scroll of teleportation
 v - a scroll of blinking
Potions
 c - a potion of cancellation
 f - a potion of heal wounds
 h - a potion of berserk rage
 m - a potion of brilliance
 p - 2 potions of haste
 r - a potion of might
 t - 2 potions of mutation


   Skills:
 + Level 4.6 Fighting
 * Level 6.1 Maces & Flails
 - Level 1.7 Dodging
 + Level 2.9 Shields
 - Level 2.0 Spellcasting
 - Level 3.0 Conjurations
 - Level 3.0 Necromancy
 + Level 1.0 Translocations
 + Level 1.3 Air Magic


You had 4 spell levels left.
You knew the following spells:

 Your Spells              Type           Power      Damage    Failure   Level
a - Kiss of Death         Conj/Necr      36%        2d8       12%         1
b - Momentum Strike       Conj/Tloc      14%        3d8       26%         2
c - Vhi's Electric Charg  Tloc/Air       8%         N/A       58%         3

Your spell library contained the following spells:

 Spells                   Type           Power      Damage    Failure   Level
 Static Discharge         Conj/Air       14%        2-3/arc   24%         2
 Hailstorm                Conj/Ice       5%         3d4       54%         3
 Arcjolt                  Conj/Air       3%         1d13      99%         5
 Lightning Bolt           Conj/Air       3%         1d15      99%         5


Dungeon Overview and Level Annotations

Branches:
Dungeon (5/15)
 Temple: D:4-7

Altars:

Annotations:
D:5 Duvessa


Innate Abilities, Weirdness & Mutations

You are surrounded by a mild repulsion field. (EV +2)
You sometimes gain a little power by taking damage.
You have a tail ending in a sharp stinger.


Message History

The necrophage is severely damaged.
You block the necrophage's attack.
You sock the necrophage!
The necrophage is almost destroyed.
The necrophage closely misses you. The jelly closely misses you.
You closely miss the necrophage.
The necrophage is almost destroyed.
The necrophage hits you.
You feel drained. The jelly hits you but does no damage.
You hit the necrophage.
You destroy the necrophage!
The jelly hits you.
You are splashed with acid!
The jelly hits you. The acid corrodes you!
You are splashed with acid!
Your life force feels restored.
Your Maces & Flails skill increases to level 6!
Your Translocations skill increases to level 1!
Aiming: Kiss of Death (safe; 12% risk of failure)
Press: ? - help, Q - select action, (/) - cycle Shift-Dir - straight line, f - jelly
Aim: a jelly (100% to hit)
The negative energy hits the jelly!
The jelly is drained!
The jelly is almost dead.
You feel drained. The jelly hits you. The acid corrodes you!
You are splashed with acid!
You hit the jelly but do no damage. The acid corrodes you!
Your hands burn!
* * * LOW HITPOINT WARNING * * *
The jelly is almost dead.
The jelly hits you.
* * * LOW HITPOINT WARNING * * *
The acid corrodes you!
You are splashed with acid!
* * * LOW HITPOINT WARNING * * *
You sock the jelly! You freeze the jelly.
You kill the jelly!
You start resting.
Magic restored.
You start resting.
An orc priest is nearby!
The orc priest shouts!
The orc priest invokes the aid of Beogh against you.
Beogh smites you!
You die...

#^... #.##.......## ..
#.... #......#.#..# e.
##...####.....##..... ..
##....†...............
.. #.......†..........#
... ..
........#.?.....o..##...
..
......#####.†...#..#....
.. .....# #.....#......
.. .....
.###.@.......... .. ....
..............#.. #. ...
..........÷...# . ...
...........<###
.#.#........#
#....##....# .....
##...# ....# ##.## .#
###


You could see an orc priest.

Vanquished Creatures
  Sigmund (D:4)
  A black bear (D:5)
  An ogre (D:4)
  2 necrophages (D:5)
  A scorpion (D:5)
  A howler monkey (D:4)
  2 hounds
  2 jellies
  An iguana (D:4)
  An orc wizard (D:4)
  6 gnolls
  4 adders
  A worm (D:5)
  A dart slug (D:2)
  9 orcs
  7 ball pythons
  6 bats
  7 endoplasms
  6 giant cockroaches
  17 goblins
  6 hobgoblins
  4 jackals (D:2)
  8 kobolds
  7 quokkas
  2 frilled lizards
  9 rats
113 creatures vanquished.

Vanquished Creatures (others)
  An orc (D:5)
1 creature vanquished.

Grand Total: 114 creatures vanquished

Notes
Turn   | Place    | Note
-------+----------+-------------------------------------------
     0 | D:1      | PublicAnimeNo1 the Demonspawn Reaver began the quest for
                  | the Orb.
     0 | D:1      | Reached XP level 1. HP: 16/16 MP: 3/3
   236 | D:1      | Reached skill level 3 in Maces & Flails
   346 | D:1      | You fall into a shaft and drop 1 floor!
   360 | D:2      | Gained mutation: You sometimes gain a little power by
                  | taking damage. [demonic ancestry]
   360 | D:2      | Reached XP level 2. HP: 22/22 MP: 5/5
   553 | D:2      | Gained mutation: You have a small tail. [demonic ancestry]
   553 | D:2      | Reached XP level 3. HP: 23/25 MP: 4/6
  1676 | D:1      | Reached XP level 4. HP: 33/33 MP: 7/7
  1796 | D:1      | Reached skill level 4 in Maces & Flails
  2273 | D:3      | Reached skill level 1 in Necromancy
  2273 | D:3      | Reached XP level 5. HP: 21/41 MP: 8/8
  3003 | D:3      | Reached skill level 1 in Shields
  3325 | D:4      | Noticed Sigmund
  3332 | D:4      | Killed Sigmund
  3333 | D:4      | Gained mutation: You have a tail ending in a sharp stinger.
                  | [demonic ancestry]
  3333 | D:4      | Reached XP level 6. HP: 30/48 MP: 6/9
  3448 | D:4      | Reached skill level 5 in Maces & Flails
  3908 | D:4      | Learned a level 2 spell: Momentum Strike
  3912 | D:4      | Learned a level 3 spell: Vhi's Electric Charge
  4038 | D:4      | Gained mutation: You are surrounded by a mild repulsion
                  | field. (EV +2) [demonic ancestry]
  4038 | D:4      | Reached XP level 7. HP: 22/46 MP: 10/10
  4612 | D:5      | Entered Level 5 of the Dungeon
  4729 | D:5      | Noticed a steam dragon
  4729 | D:5      | Noticed Duvessa
  4831 | D:5      | Reached skill level 1 in Air Magic
  5089 | D:5      | Reached skill level 6 in Maces & Flails
  5089 | D:5      | Reached skill level 1 in Translocations
  5113 | D:5      | Killed from afar by an orc priest

Illustrated notes

Levels and vault maps discovered:
D:1:      heliophobic_arrival_ceremonial_halls, layout_loops_ring,
          serial_forest, infiniplex_forest_clump_diagonal,
          infiniplex_forest_pool, infiniplex_forest_lined_2,
          infiniplex_forest_clump_diagonal, infiniplex_forest_straight_3,
          infiniplex_forest_clump_long, minivault_26,
          chequers_serial_rivers_small_3, hangedman_abyss_or_decor_lesser_grid
D:2:      layout_loops_corners, chequers_serial_rivers_small_a
D:3:      layout_basic
D:4:      nicolae_cairo_tiling_very_big, layout_loops_cross, corexii_shack,
          minmay_ogre_servants, uniq_sigmund
D:5:      layout_cave_pools, nicolae_wormholes, uniq_duvessa

Skill      XL: |  1  2  3  4  5  6  7 |
---------------+----------------------+-----
Maces & Flails | 3 4 5 6 |  6.1
Fighting       | 3 4 |  4.6
Necromancy     | 1 2 3 |  3.0
Shields        | 1 2 |  2.9
Air Magic      | 1 |  1.3
Translocations | 1 |  1.0
Dodging        | |  1.7
Spellcasting   | |  2.0
Conjurations   | |  3.0

Action                     |  1- 3 |  4- 6 |  7- 9 || total
---------------------------+-------+-------+-------++-------
  Melee: Mace              |   147 |   147 |    63 ||   357
         Tailslap          |    12 |    16 |     9 ||    37
   Cast: Kiss of Death     |     2 |     6 |     2 ||    10
    Use: Scroll            |       |     7 |     9 ||    16
         Potion            |       |     1 |       ||     1
 Armour: Leather armour    |    50 |    35 |    21 ||   106
  Dodge: Dodged            |    99 |    93 |    38 ||   230
  Block: Buckler           |     1 |    26 |    11 ||    38

Table legend: (Time is in decaauts)
 A = Elapsed time spent in this place.
 B = Non-inter-level travel time spent in this place.
 C = Inter-level travel time spent in this place.
 D = Time resting spent in this place.
 E = Time spent auto-exploring this place.
 F = Levels seen in this place.
 G = Mean time per level.
                   A        B        C        D        E       F      G
               +--------+--------+--------+--------+--------+-----+--------+
         Total |   5200 |   4959 |    241 |    756 |   3353 |   5 | 1040.0 |
       Dungeon |   5200 |   4959 |    241 |    756 |   3353 |   5 | 1040.0 |
               +--------+--------+--------+--------+--------+-----+--------+

Top non-repeatable levels by time:
     D:4: 1671 daAuts
     D:3: 1222 daAuts
     D:2: 1167 daAuts
     D:1: 860 daAuts
     D:5: 278 daAuts
